 Dungeon Crawl Stone Soup version 0.20.1-1-g8b1a95d (webtiles) character file.

28 vishdafish the Skirmisher (level 3, 26/29 HPs)
             Began as a Demonspawn Fighter on July 3, 2017.
             Quit the game on level 1 of the Dungeon.
             The game lasted 00:00:45 (523 turns).

vishdafish the Skirmisher (Demonspawn Fighter)       Turns: 523, Time: 00:00:45

Health: 26/29      AC:  6    Str: 17    XL:     3   Next: 0%
Magic:  3/3        EV:  6    Int:  9    God:
Gold:   40         SH:  8    Dex: 12    Spells: 2/2 levels left

rFire    . . .     SeeInvis .   a - +0 war axe
rCold    . . .     Gourm    .   c - +0 shield
rNeg     . . .     Faith    .   b - +0 scale mail
rPois    .         Spirit   .   (no helmet)
rElec    .         Reflect  .   (no cloak)
rCorr    .         Harm     .   (no gloves)
MR       .....                  (no boots)
Stlth    +.........             (no amulet)
Regen    0.1/turn               (no ring)
MPRegen  0.1/turn               (no ring)

@: no status effects
A: hooves 1, nightstalker 1
a: no special abilities


You were on level 1 of the Dungeon.
You were not hungry.

You visited 1 branch of the dungeon, and saw 1 of its levels.

You collected 40 gold pieces.

Inventory:

Hand Weapons
 a - a +0 war axe (weapon)
Armour
 b - a +0 scale mail (worn)
 c - a +0 shield (worn)
Scrolls
 h - a scroll of remove curse {unknown}
 k - a scroll of magic mapping {unknown}
Potions
 d - 2 potions of might
 e - a potion of flight {unknown}
 g - a potion of ambrosia {unknown}
 i - a potion of curing {unknown}
 l - a potion of heal wounds {unknown}
Comestibles
 f - 2 bread rations
 j - a royal jelly


   Skills:
 + Level 3.4 Fighting
 * Level 2.5 Axes
 + Level 2.8 Armour
 - Level 2.6 Shields


You had 2 spell levels left.
You didn't know any spells.

Dungeon Overview and Level Annotations

Branches:
Dungeon (1/15)

Altars:
Cheibriados


Innate Abilities, Weirdness & Mutations

You have large cloven feet.
You are slightly more attuned to the shadows.


Message History

The hobgoblin hits you but does no damage.
Your shield and scale mail prevent you from hitting the hobgoblin.
Your kick misses the hobgoblin. The hobgoblin hits you.
The hobgoblin barely misses you.
You closely miss the hobgoblin. The hobgoblin barely misses you.
You hit the hobgoblin but do no damage. You kick the hobgoblin.
The hobgoblin is moderately wounded.
The hobgoblin barely misses you.
The hobgoblin hits you but does no damage.
You completely miss the hobgoblin.
The hobgoblin is moderately wounded.
You block the hobgoblin's attack.
You slash the hobgoblin!
You kill the hobgoblin!
You have reached level 3!
Your experience leads to an increase in your attributes!
Increase (S)trength, (I)ntelligence, or (D)exterity?
You feel stronger.
Your demonic ancestry asserts itself...
You slip into the darkness of the dungeon.
Are you sure you want to abandon this character and quit the game? (Confirm with "yes".)

.....##..#.....#######........##.
##'#######^....# ###########.
##.(...........######### #.
......###...####........ #.
#####†#.....# #........ #.
#.#.....# #........ ## #.#.#...#
#........ ####.#.....# #.......#
### #.....###..####@##)##. ...
#.....+..>............. ...
#.....#########.....#.# ###
#.....# #.###.# #.....# #.# #
###### #.....# #.. .....####
#.....# ### #..... #.....# #.....
#.....# #####^....


There were no monsters in sight!

Vanquished Creatures
  2 dart slugs (D:1)
  2 leopard geckos (D:1)
  3 goblins (D:1)
  5 hobgoblins (D:1)
  3 kobolds (D:1)
  2 bats (D:1)
  2 frilled lizards (D:1)
  A rat (D:1)
20 creatures vanquished.

Notes
Turn   | Place    | Note
-------+----------+-------------------------------------------
     0 | D:1      | vishdafish the Demonspawn Fighter began the quest for the Orb.
     0 | D:1      | Reached XP level 1. HP: 18/18 MP: 1/1
   182 | D:1      | Gained mutation: You have large cloven feet. [demonic ancestry]
   182 | D:1      | Reached XP level 2. HP: 21/24 MP: 2/2
   435 | D:1      | Found a snail-covered altar of Cheibriados.
   522 | D:1      | Gained mutation: You are slightly more attuned to the shadows. [demonic ancestry]
   522 | D:1      | Reached XP level 3. HP: 26/29 MP: 3/3
   523 | D:1      | Quit the game

Skill      XL: |  1 |
---------------+----+-----
Axes           | 2 |  2.5
Fighting       | |  3.4
Armour         | |  2.8
Shields        | |  2.6

Action                   || total
-------------------------++-------
Melee: War axe           ||    49
       Kick              ||     8
Armor: Scale mail        ||    14
Dodge: Dodged            ||    15
Block: Shield            ||    27
